Unix NetHack Version 5.0.0-0 post-release - last build Jun 10 2026 00:39:30 (3ee93aec679c4c4259841fe613dc97188e26a321,branch:main).

Game began 2026-06-12 18:08:10, ended 2026-06-12 18:50:39.

Drastanta, lawful male human Knight

                                                 h                  h


                                                              G   G
                                               s



 ---                       G
 |@0|       h   G                                                     G  G
 |.G.         G                            G
 ---.                                                          G

Drastanta the Bachelor   St:16 Dx:10 Co:13 In:8 Wi:15 Ch:17  Lawful
Dlvl:8  $:67 HP:0(48) Pw:30(30) AC:1  Xp:6 T:3877  Hungry   Blind

Latest messages:
 You hear a wolf howling at the moon.
 You hear an animal carcass being offered in sacrifice.
 You miss the newt.
 You miss the newt.
 The newt misses!
 You kill the newt!
 You see here a newt corpse.
 You see here a newt corpse.
 You are beginning to feel hungry.
 Pick a monster, object or location.
 You miss the werewolf.
 The werewolf hits!
 You hit the werewolf!
 The werewolf hits!
 You hit the werewolf!
 The werewolf hits!
 You hit the werewolf!
 The werewolf hits!
 You hit the werewolf.
 The werewolf hits!
 You kill the werewolf!
 What do you want to wield? [- aF or ?*] a
 You are already wielding that!
 X - a food ration.
 You hit the kitten!
 The kitten bites!
 You miss the kitten.
 The kitten misses!
 The kitten bites!
 You hit the kitten!
 The kitten bites!
 What do you want to zap? [kqwz or ?*] ?
 In what direction? >
 You dig a hole through the floor.
 You fall through...
 What do you want to put on? [s or ?*] s
 You are now wearing a blindfold.
 You can't see any more.
 You miss the gnomish wizard.
 You hit the gnomish wizard.
 You hear a mumbled curse.
 You hit the gnomish wizard.
 You hear a mumbled curse.
 You miss the gnomish wizard.
 You hear a mumbled curse.
 You hit the gnomish wizard.
 The gnomish wizard casts a spell at you!
 Your brain is on fire!
 You die...
 Do you want your possessions identified? [ynq] (y) q

Inventory:
 Coins    ('$')
  $ - 67 gold pieces
 Weapons  (')')
  F - a +0 silver dagger
  a - a rusty +1 long sword (weapon in right hand)
 Armor    ('[')
  d - an uncursed +0 helmet (being worn)
  f - an uncursed +0 pair of leather gloves (being worn)
  e - an uncursed +0 small shield (being worn)
  C - an uncursed +0 cloak of invisibility
  c - an uncursed +3 ring mail (being worn)
 Comestibles  ('%')
  h - an uncursed carrot
  X - an uncursed food ration
 Scrolls  ('?')
  A - a blessed scroll of blank paper
  B - an uncursed scroll of blank paper
  p - a cursed scroll of create monster
  y - an uncursed scroll of enchant weapon
  o - an uncursed scroll of gold detection
  m - a cursed scroll of magic mapping
 Potions  ('!')
  n - an uncursed potion of gain energy
  b - 2 uncursed potions of water
 Wands    ('/')
  q - a wand of digging (0:4)
  w - a wand of magic missile (0:4)
  k - a wand of stasis (0:2)
  z - a wand of striking (0:0)
 Tools    ('(')
  s - an uncursed blindfold (being worn)
  i - an uncursed lock pick
  P - an uncursed tallow candle

Drastanta the Knight's attributes:

Background:
 You were a Bachelor, a level 6 male human Knight.
 You were lawful, on a mission for Lugh
 who was opposed by Brigit (neutral) and Manannan Mac Lir (chaotic).
 You were right-handed.
 You were in the Gnomish Mines, on level 8.
 You entered the dungeon 3877 turns ago.
 You had 629 experience points, 11 more were needed to attain level 7.

Basics:
 You had 0 out of 48 hit points.
 You had all 30 energy points (spell power).
 Your armor class was 1.
 Your wallet contained 67 zorkmids.
 Autopickup was on for '$' plus thrown.

Final Characteristics:
 Your strength was 16 (limit:18/100).
 Your dexterity was 10 (limit:18).
 Your constitution was 13 (limit:18).
 Your intelligence was 8 (limit:18).
 Your wisdom was 15 (limit:18).
 Your charisma was 17 (limit:18).

Final Status:
 You were deliberately blind.
 You were hungry.
 You were unencumbered.
 You were wielding a long sword.
 You had basic skill with long sword and could have enhanced that.

Final Attributes:
 You were piously aligned.
 You were telepathic.
 You could jump.
 You were warded.
 You are dead.

Miscellaneous:
 You didn't encounter any bones levels.
 Total elapsed playing time was 40 minutes and 37 seconds.

Major events:
 Turn
    1: Drastanta the lawful male human Knight entered the dungeon
 1197: attained the rank of Esquire (level 3)
 2258: entered the Gnomish Mines
 3285: attained the rank of Bachelor (level 6)
 3326: reached Mine Town
 3877: killed by a gnomish wizard

You didn't know any spells.

Skills:
 Fighting Skills
   bare handed combat [Unskilled]
   two weapon combat  [Unskilled]
   riding             [Basic]
 Weapon Skills
   dagger             [Unskilled]
   knife              [Unskilled]
   axe                [Unskilled]
   pick-axe           [Unskilled]
   short sword        [Unskilled]
   broadsword         [Unskilled]
   long sword         [Basic]
   two-handed sword   [Unskilled]
   saber              [Unskilled]
   club               [Unskilled]
   mace               [Unskilled]
   morning star       [Unskilled]
   flail              [Unskilled]
   hammer             [Unskilled]
   polearms           [Unskilled]
   spear              [Unskilled]
   trident            [Unskilled]
   lance              [Basic]
   bow                [Unskilled]
   crossbow           [Unskilled]
 Spellcasting Skills
   attack spells      [Unskilled]
   healing spells     [Unskilled]
   clerical spells    [Unskilled]

Voluntary challenges:
 Character rerolling was not enabled.
 You never genocided any monsters.
 You never polymorphed an object.
 You never changed form.
 You used no wishes.
Achievements:
 You attained the rank of Esquire.
 You entered a shop.
 You entered the Gnomish Mines.
 You attained the rank of Bachelor.
 You entered Minetown.
 You entered a temple.

 The Dungeons of Doom: levels 1 to 5
    Level 1:
    Level 2:
       A fountain, a sink.
    Level 3:
    Level 4:
       A general store, some fountains.
       Stairs down to The Gnomish Mines.
    Level 5:
 The Gnomish Mines: levels 5 to 8
    Level 5:
    Level 6:
    Level 7:
       Many shops, a temple and an altar, some fountains.
    Level 8: <- You were here.
       Final resting place for
          you, killed by a gnomish wizard.


Vanquished creatures:
  2 brown puddings
  a werewolf
  a pony
  a shrieker
  a violet fungus
  2 gnome leaders
  3 gnomish wizards
  a paper golem
 10 giant ants
  a floating eye
  2 kittens
  a homunculus
  2 kobold shamans
 an iguana
  2 acid blobs
  a coyote
  2 hobbits
  a large kobold
  a giant rat
  a cave spider
  2 brown molds
  2 yellow molds
  2 green molds
 14 gnomes
  2 garter snakes
  a gnome zombie
  a gecko
  4 jackals
  a fox
  3 kobolds
  4 goblins
  a sewer rat
  2 grid bugs
  4 bats
  2 lichens
 10 newts
92 creatures vanquished.

No species were genocided or became extinct.

Game over:
                       ----------
                      /          \
                     /    REST    \
                    /      IN      \
                   /     PEACE      \
                  /                  \
                  |    Drastanta     |
                  |      67 Au       |
                  |   killed by a    |
                  |  gnomish wizard  |
                  |                  |
                  |                  |
                  |       2026       |
                 *|     *  *  *      | *
        _________)/\\_//(\/(/\)/\//\/|_)_______

Fare thee well Drastanta the Knight...

You died in The Gnomish Mines on dungeon level 8 with 2967 points,
and 67 pieces of gold, after 3877 moves.
You were level 6 with a maximum of 48 hit points when you died.

